 Dungeon Crawl Stone Soup version 0.28-a0-1485-g077359a4bf (webtiles) character file.

Game seed: 10302232927897506953

4521 kae the Transmogrifier (level 10, -1/96 HPs)
             Began as a Yellow Draconian Transmuter on Jan 11, 2022.
             Slain by an orc warrior (10 damage)
             ... in a bailey.
             The game lasted 00:06:28 (8925 turns).

kae the Transmogrifier (DrTm)                       Turns: 8925, Time: 00:06:28

Health: -1/96      AC: 16    Str: 13    XL:     10   Next: 17%
Magic:  15/18      EV: 11    Int: 18    God:
Gold:   1141       SH:  0    Dex: 11    Spells: 12/20 levels left

rFire   x . .      SeeInvis .     - Unarmed
rCold   + + +      Faith    .   (shield currently unavailable)
rNeg    . . .      Spirit   .   (armour unavailable)
rPois   +          Reflect  .   (helmet currently unavailable)
rElec   .          Harm     .   (cloak currently unavailable)
rCorr   .          Rampage  .   (gloves currently unavailable)
Will    .....                   (boots currently unavailable)
Stlth   +.........              c - amulet of the acrobat
HPRegen 0.26/turn               d - +4 ring of protection
MPRegen 0.16/turn               n - +4 ring of protection

@: short of breath, ice-form
A: freezing attack, amphibious, boosted hp, (spit acid), AC +7, large, unfitting
armour, (cold-blooded), (acid resistance)
a: End Transformation


You were in a bailey.
You were a creature of crystalline ice.
You visited 2 branches of the dungeon, and saw 8 of its levels.
You also visited: Bailey.

You collected 1141 gold pieces.

Inventory:

Jewellery
 c - an amulet of the acrobat (around neck)
 d - a +4 ring of protection (left front paw)
 l - the ring of the Hero {rPois rCorr MP-9 SInv Stlth+}
   (You found it on level 2 of the Dungeon)

   [ring of poison resistance]

   rPois:     It protects you from poison.
   MP:        It affects your magic capacity (-9).
   SInv:      It lets you see invisible.
   rCorr:     It protects you from acid and corrosion.
   Stlth:     It makes you more stealthy.
 n - a +4 ring of protection (right front paw)
Wands
 p - a wand of iceblast (4)
Scrolls
 g - a scroll of teleportation
Potions
 a - a potion of flight {unknown}
 b - 2 potions of might
 e - 2 potions of heal wounds
 h - 2 potions of haste
 i - 3 potions of cancellation
 j - 3 potions of curing
 k - a potion of lignification {unknown}
 m - 3 potions of magic {unknown}
 q - a potion of mutation {unknown}


   Skills:
 + Level 4.8 Fighting
 + Level 4.2 Dodging
 * Level 6.8 Unarmed Combat
 + Level 5.9 Spellcasting
 * Level 9.2 Transmutations
 - Level 5.0 Ice Magic
 - Level 1.0 Poison Magic


You had 12 spell levels left.
You knew the following spells:

 Your Spells              Type           Power      Damage    Failure   Level
a - Beastly Appendage     Tmut           76%        N/A       1%          1
b - Spider Form           Tmut/Pois      23%        N/A       4%          3
c - Ice Form              Ice/Tmut       30%        N/A       6%          4

Your spell library contained the following spells:

 Spells                   Type           Power      Damage    Failure   Level
 Wereblood                Tmut           38%        N/A       1%          2
 Blade Hands              Tmut           19%        N/A       8%          5
 Magic Dart               Conj           20%        1d4       12%         1
 Call Imp                 Summ           5%         N/A       19%         2
 Mephitic Cloud           Conj/Pois/Air  6%         N/A       32%         3
 Portal Projectile        Hex/Tloc       10%        N/A       36%         3
 Excruciating Wounds      Necr           2%         N/A       98%         5


Dungeon Overview and Level Annotations

Branches:
Dungeon (7/15)             Temple (1/1) D:4          Bailey (1/1)

Altars:
Cheibriados
Dithmenos
Hepliaklqana
Makhleb
Nemelex Xobeh
Okawaru
Qazlal
Sif Muna
Trog
Uskayaw
Vehumet
Wu Jian
Xom
Yredelemnul

Shops:
D:3 *


Innate Abilities, Weirdness & Mutations

You are a creature of crystalline ice.
You have a powerful freezing melee attack.
You are amphibious.
Your maximum health is increased.
Your armour is entirely melded.
You are incapable of wielding weapons or throwing items.
((You can spit globs of acid.))
((Your golden yellow scales are hard. (AC +7)))
You cannot fit into any form of body armour.
((You are cold-blooded and may be slowed by cold attacks.))
((You are resistant to acid. (rCorr)))


Message History

Items here: ))) [.
Items here: ))) ÷.
Things that are here:
a +0 war axe; an orc corpse
Press: ? - help, Shift-Dir - straight line, f - orc warrior
Aim: an orc warrior, wielding a +0 halberd and wearing a +3 chain mail (60% to hit)
You spit a glob of acid.
The glob of acid hits the orc warrior.
The acid corrodes the orc warrior!
The acid splashes onto the orc warrior!
The orc warrior is splashed with acid.
The orc warrior is moderately wounded.
The orc warrior hits you from afar with a +0 halberd!
Okay, then.
Casting: Ice Form (dangerous; 6% risk of failure)
Confirm with . or Enter, or press ? or * to list all spells.
You turn into a creature of crystalline ice.
The orc warrior barely misses you. The orc warrior misses you.
The orc warrior barely misses you. The orc warrior misses you.
The orc warrior barely misses you. The orc warrior completely misses you.
Things that are here:
a +0 war axe; an orc corpse You punch the orc warrior!
You freeze the orc warrior.
The orc warrior is almost dead.
The orc warrior hits you with a +0 halberd.
You barely miss the orc warrior.
The orc warrior is almost dead.
The orc warrior hits you but does no damage.
The orc warrior hits you with a +0 halberd!
* * * LOW HITPOINT WARNING * * *
You barely miss the orc warrior.
The orc warrior is severely wounded.
The orc warrior closely misses you.
You hit the orc warrior but do no damage.
The orc warrior is severely wounded.
The orc warrior hits you with a +0 halberd!
* * * LOW HITPOINT WARNING * * *
The orc warrior hits you but does no damage.
You closely miss the orc warrior.
The orc warrior is severely wounded.
The orc warrior hits you with a +0 halberd!
You die...

#######
##..=..##
#.......#
#∩.....∩#
#.......#
#.....Y.#
#..#.#oo#
#.##8##)#
#..#.#))#
#...)o..#
#...))).#
#...)...#
##...).##
###'###


You could see 2 orc warriors.

Vanquished Creatures
  Pikel (D:5)
  An orc knight (Bailey)
  4 yaks (D:4)
  Menkaure (D:5)
  7 orc warriors
  3 ice beasts
  3 ogres
  3 lemures
  Blork the orc (D:4)
  A wyvern zombie (D:7)
  3 scorpions
  A bullfrog (D:7)
  A wyvern skeleton (D:6)
  2 water moccasin skeletons
  10 wights (D:7)
  2 centaur zombies
  A centaur skeleton (D:5)
  A hound (D:7)
  A gnoll shaman (D:4)
  7 orc priests
  2 bullfrog skeletons
  4 orc wizards
  2 iguanas
  2 hound skeletons
  A howler monkey zombie (D:6)
  7 gnolls
  5 adders
  2 white imps
  An adder skeleton (D:4)
  30 orcs
  10 endoplasms
  8 giant cockroaches
  5 goblins
  10 hobgoblins
  2 jackals (D:4)
  6 ball pythons (D:2)
  8 bats
  2 frilled lizards (D:1)
  4 kobolds
  6 rats
171 creatures vanquished.

Notes
Turn   | Place    | Note
-------+----------+-------------------------------------------
     0 | D:1      | kae the Draconian Transmuter began the quest for the Orb.
     0 | D:1      | Reached XP level 1. HP: 16/16 MP: 3/3
   147 | D:1      | Found a faded altar of an unknown god.
   547 | D:1      | Reached XP level 2. HP: 19/23 MP: 3/5
  1041 | D:1      | Reached skill level 3 in Transmutations
  1432 | D:2      | You fall into a shaft and drop 2 floors!
  1442 | D:4      | Reached XP level 3. HP: 20/28 MP: 4/6
  1762 | D:3      | Learned a level 3 spell: Spider Form
  2219 | D:2      | Reached XP level 4. HP: 35/35 MP: 6/8
  2313 | D:2      | Found a radiant altar of Vehumet.
  2319 | D:2      | Identified the ring of the Hero {rPois rCorr MP-9 SInv
                  | Stlth+}
  2376 | D:2      | Learned a level 4 spell: Ice Form
  2432 | D:3      | Found Poudiud's General Store.
  2593 | D:3      | Reached skill level 1 in Poison Magic
  2626 | D:3      | Noticed an ogre
  2637 | D:3      | Killed an ogre
  2638 | D:3      | Reached skill level 4 in Transmutations
  2638 | D:3      | Reached skill level 1 in Ice Magic
  2638 | D:3      | Reached XP level 5. HP: 26/40 MP: 7/9
  3371 | D:4      | Noticed an ogre
  3384 | D:4      | Killed an ogre
  3385 | D:4      | Reached XP level 6. HP: 47/47 MP: 7/11
  3457 | D:4      | Noticed Blork the orc
  3474 | D:4      | Killed Blork the orc
  3475 | D:4      | Reached skill level 5 in Transmutations
  3599 | D:4      | Noticed a yak
  3599 | D:4      | Noticed a yak
  3600 | D:4      | Noticed a yak
  3600 | D:4      | Noticed a yak
  3611 | D:4      | Killed a yak
  3612 | D:4      | Your scales start taking on a golden yellow colour.
  3612 | D:4      | Reached XP level 7. HP: 52/52 MP: 8/12
  3612 | D:4      | Gained mutation: You are resistant to acid. (rCorr) [Yellow
                  | Draconian growth]
  3614 | D:4      | Killed a yak
  3617 | D:4      | Killed a yak
  3618 | D:4      | Reached skill level 6 in Transmutations
  3623 | D:4      | Killed a yak
  3624 | D:4      | Reached skill level 5 in Ice Magic
  3624 | D:4      | Reached XP level 8. HP: 59/59 MP: 9/14
  4020 | D:4      | Found a staircase to the Ecumenical Temple.
  4229 | Temple   | Entered the Ecumenical Temple
  4516 | D:5      | Entered Level 5 of the Dungeon
  4636 | D:5      | Reached skill level 7 in Transmutations
  5009 | D:5      | Noticed Menkaure
  5020 | D:5      | Killed Menkaure
  5817 | D:6      | Identified a scroll of acquirement
  5817 | D:6      | Acquired 656 gold pieces
  5965 | D:6      | Reached skill level 5 in Spellcasting
  6028 | D:6      | Reached XP level 9. HP: 69/69 MP: 11/16
  6239 | D:6      | Noticed Pikel
  6395 | D:6      | Identified the +2 leather armour of Woptod {Will+}
  6769 | D:5      | Killed Pikel
  6770 | D:5      | Reached skill level 5 in Unarmed Combat
  6770 | D:5      | Reached skill level 8 in Transmutations
  8082 | D:7      | Found a flagged portal.
  8134 | Bailey   | Entered a bailey
  8811 | Bailey   | Noticed an orc knight
  8817 | Bailey   | Reached skill level 9 in Transmutations
  8817 | Bailey   | Reached XP level 10. HP: 78/78 MP: 15/18
  8857 | Bailey   | Killed an orc knight
  8925 | Bailey   | Slain by an orc warrior

Illustrated notes

Levels and vault maps discovered:
D:1:      saegor_arrival_simple_d, layout_basic, ebering_ecumenical_altar_webs
D:2:      layout_rooms, basic_altar, minmay_stone_trees_small,
          minmay_misc_feat_columns
D:3:      layout_loops_ring, serial_shops, shop, minmay_close_crescents
D:4:      nicolae_cairo_tiling_very_big, layout_rooms,
          minmay_temple_entry_trees, uniq_blork_the_orc
D:5:      layout_loops_ring, uniq_menkaure
D:6:      layout_gridville, roderic_serpentine_path, uniq_pikel
D:7:      layout_gridville, enter_bailey_2
Temple:   oiseaux_autumnal_temple
Bailey:   bailey_polearm_5, bailey

Skill      XL: |  1  2  3  4  5  6  7  8  9 |
---------------+----------------------------+-----
Transmutations | 3 4 5 6 7 9 |  9.2
Poison Magic   | 1 |  1.0
Spellcasting   | 3 4 5 |  5.9
Ice Magic      | 1 2 4 5 |  5.0
Dodging        | 2 4 |  4.2
Fighting       | 3 4 |  4.8
Unarmed Combat | 4 6 |  6.8

Action                   |  1- 3 |  4- 6 |  7- 9 | 10-12 || total
-------------------------+-------+-------+-------+-------++-------
Melee: Unarmed           |    99 |   118 |   314 |    27 ||   558
       Headbutt          |    13 |     9 |       |       ||    22
       Tailslap          |    12 |    13 |     5 |     1 ||    31
       Punch             |     2 |     2 |       |       ||     4
       Kick              |    16 |    10 |       |       ||    26
 Cast: Beastly Appendage |    33 |    15 |       |       ||    48
       Spider Form       |       |     6 |     3 |       ||     9
       Ice Form          |       |     1 |    41 |     2 ||    44
 Abil: Breathe Acid      |       |       |     2 |     1 ||     3
  Use: Scroll            |       |    10 |     4 |       ||    14
       Potion            |       |       |     3 |     1 ||     4
 Stab: Sleeping          |     2 |       |       |       ||     2
       Invisible         |       |       |       |     2 ||     2
Armor: Skin              |    46 |    38 |   146 |     4 ||   234
Dodge: Dodged            |    88 |    98 |   223 |    20 ||   429

Table legend: (Time is in decaauts)
 A = Elapsed time spent in this place.
 B = Non-inter-level travel time spent in this place.
 C = Inter-level travel time spent in this place.
 D = Time resting spent in this place.
 E = Time spent auto-exploring this place.
 F = Levels seen in this place.
 G = Mean time per level.
                   A        B        C        D        E       F      G
               +--------+--------+--------+--------+--------+-----+--------+
         Total |   8896 |   8676 |    220 |    492 |   6602 |   9 |  988.4 |
       Dungeon |   7831 |   7642 |    189 |    283 |   6038 |   7 | 1118.7 |
        Temple |    284 |    253 |     31 |      0 |    241 |   1 |  284.0 |
        Bailey |    780 |    780 |      0 |    209 |    322 |   1 |  780.0 |
               +--------+--------+--------+--------+--------+-----+--------+

Top non-repeatable levels by time:
     D:5: 1720 daAuts
     D:6: 1523 daAuts
     D:1: 1431 daAuts
     D:4: 1138 daAuts
     D:3: 1044 daAuts
  Bailey: 780 daAuts
     D:2: 617 daAuts
     D:7: 355 daAuts
  Temple: 284 daAuts
